 Dungeon Crawl Stone Soup version 0.30-a0-743-gbfdf073431 (webtiles) character file.

Game seed: 6784799301663415683

140 DeathSun the Poker (level 5, 0/45 HPs)
             Began as a Draconian Monk on Feb 6, 2023.
             Slain by a gnoll
             ... wielding a +0 halberd
              (21 damage)
             ... on level 2 of the Dungeon.
             The game lasted 00:03:40 (1750 turns).

DeathSun the Poker (Draconian Monk)                 Turns: 1750, Time: 00:03:41

Health: 0/45       AC:  5    Str: 13    XL:     5   Next: 2%
Magic:  5/5        EV: 12    Int: 13    God:
Gold:   115        SH:  0    Dex: 13    Spells: 4/4 levels left

rFire   . . .      SeeInvis .    a - +0 spear
rCold   . . .      Faith    .    (no shield)
rNeg    . . .      Spirit   .    (body armour unavailable)
rPois   .          Reflect  .    (helmet restricted)
rElec   .          Harm     .    (no cloak)
rCorr   .          Rampage  .    (no gloves)
Will    .....                    (no boots)
Stlth   +                        c - amulet of magic regeneration
HPRegen 0.27/turn                (no ring)
MPRegen 0.49/turn                (no ring)

@: confused, ambrosia-drunk
A: AC +5, unfitting armour, cold-blooded
a: no special abilities


You were on level 2 of the Dungeon.
You visited 1 branch of the dungeon, and saw 4 of its levels.

You collected 115 gold pieces.

Inventory:

Hand Weapons
 a - a +0 spear (weapon)
Missiles
 g - 2 datura-tipped darts (quivered)
 p - 3 javelins
Jewellery
 c - an amulet of magic regeneration (around neck)
Scrolls
 e - a scroll of noise {unknown}
 i - a scroll of amnesia {unknown}
 j - a scroll of teleportation {unknown}
 l - a scroll of immolation {unknown}
 o - a scroll of identify {unknown}
Potions
 d - a potion of degeneration {unknown}
 f - a potion of magic {unknown}
 h - a potion of curing {unknown}
 k - 2 potions of berserk rage {unknown}
 m - a potion of mutation {unknown}
 n - a potion of lignification {unknown}


   Skills:
 - Level 3.2 Fighting
 * Level 5.7 Polearms
 - Level 2.6 Dodging
 - Level 1.7 Stealth


You had 4 spell levels left.
You didn't know any spells.
Your spell library contained the following spells:

 Spells                   Type           Power      Damage    Failure   Level
 Blink                    Tloc           0%         N/A       43%         2
 Lesser Beckoning         Tloc           0%         N/A       43%         2
 Momentum Strike          Conj/Tloc      0%         3d8       43%         2
 Call Canine Familiar     Summ           0%         N/A       67%         3
 Portal Projectile        Hex/Tloc       0%         N/A       67%         3
 Leda's Liquefaction      Hex/Erth       0%         N/A       97%         4
 Alistair's Intoxication  Tmut/Pois      0%         N/A       100%        5
 Blade Hands              Tmut           0%         N/A       100%        5
 Borgnjor's Vile Clutch   Necr/Erth      0%         N/A       100%        5
 Yara's Violent Unravell  Hex/Tmut       0%         3d3       100%        5
 Eringya's Noxious Bog    Tmut/Pois      0%         N/A       100%        6
 Iron Shot                Conj/Erth      0%         9d1       100%        6
 Enfeeble                 Hex            0%         N/A       100%        7
 Animate Armour           Summ/Erth      Unusable   N/A       N/A         4

Dungeon Overview and Level Annotations

Branches:
Dungeon (4/15)
 Temple: D:4-7

Altars:


Innate Abilities, Weirdness & Mutations

Your plain brown scales are hard. (AC +5)
You cannot fit into any form of body armour.
You are cold-blooded and may be slowed by cold attacks.


Message History

The javelin pierces through the bat!
You kill the bat!
The gnoll hits you from afar with a +0 spear.
You reach to attack!
You hit the gnoll.
The gnoll is severely wounded.
The gnoll hits you from afar with a +0 spear.
You reach to attack!
You hit the gnoll.
You kill the gnoll!
You have reached level 5!
m - an inky potion;
o - a scroll labelled DIDYOQE NUME
Things that are here:
a +0 spear; a +0 whip; a gnoll corpse
p - 2 javelins
p - 3 javelins (gained 1)
A gnoll is nearby!
Throw: 4 darts (datura)
Press: ? - help, Q - select action, (/) - cycle Shift-Dir - straight line, f - gnoll
Aim: a gnoll, wielding a +0 halberd and quivering a throwing net (wandering, hasn't noticed you, 61% to hit, chance to frenzy on hit: 100%)
You throw a datura-tipped dart.
The datura-tipped dart closely misses the gnoll.
The gnoll shouts!
The gnoll hits you from afar with a +0 halberd.
Throw: 3 darts (datura)
Press: ? - help, Q - select action, (/) - cycle Shift-Dir - straight line, f/p - gnoll
Aim: a gnoll, wielding a +0 halberd and quivering a throwing net (61% to hit, chance to frenzy on hit: 100%)
You throw a datura-tipped dart. The datura-tipped dart hits the gnoll.
The gnoll flies into a frenzy!
The gnoll hits you from afar with a +0 halberd!
You reach to attack!
You barely miss the gnoll.
The gnoll hits you from afar with a +0 halberd!
The gnoll barely misses you.
You are confused.
You feel invigorated. The gnoll closely misses you.
The gnoll hits you from afar with a +0 halberd.
The gnoll shouts!
The gnoll hits you with a +0 halberd! The gnoll barely misses you.
You hit the gnoll.
The gnoll is moderately wounded.
The gnoll hits you with a +0 halberd!!
You die...

# #.g.g.g.#
#########.# .######
#.# .รท....###.#######
.####...^.......######
.# #####............#
.# #####.....##.# .#
###.#.#g##.## .######
#.....@..(..# ......##
#.#.#.#.##..# .......#
#.....# ..# #####..#
###.### ..# # #..# #.#
.(# #..# ###.####..#
#..# # #..........
#..# #.#..#####..#
#..# #.#..#####..#


You could see a neutral gnoll (fast, strong, insane).

Vanquished Creatures
  Jessica (D:2)
  3 adders (D:2)
  3 gnolls (D:2)
  An ufetubus (D:2)
  A worm (D:2)
  2 dart slugs
  4 ball pythons
  4 endoplasms
  4 giant cockroaches
  2 goblins (D:1)
  5 hobgoblins
  3 quokkas
  3 bats
  2 frilled lizards
  5 kobolds
  5 rats
48 creatures vanquished.

Notes
Turn   | Place    | Note
-------+----------+-------------------------------------------
     0 | D:1      | DeathSun the Draconian Monk began the quest for the Orb.
     0 | D:1      | Reached XP level 1. HP: 19/19 MP: 1/1
   255 | D:1      | Reached XP level 2. HP: 22/26 MP: 2/2
   483 | D:1      | Reached skill level 4 in Polearms
   829 | D:2      | Reached XP level 3. HP: 31/31 MP: 3/3
   835 | D:2      | You fall into a shaft and drop 2 floors!
  1048 | D:2      | Noticed Jessica
  1061 | D:2      | Killed Jessica
  1232 | D:2      | Reached XP level 4. HP: 38/38 MP: 4/4
  1234 | D:2      | Identified the +1 robe of the Pit {rF- rN++ Slay+2}
  1255 | D:2      | Reached skill level 5 in Polearms
  1656 | D:2      | Reached XP level 5. HP: 28/45 MP: 5/5
  1750 | D:2      | Slain by a gnoll

Illustrated notes

Levels and vault maps discovered:
D:1:      roderic_octagonal_star, layout_basic
D:2:      layout_loops_ring, roderic_roman_lattice, uniq_jessica,
          uniq_crazy_yiuf_cottage
D:3:      layout_loops_corners, overflow_temple_1_default, serial_shops,
          shop_fountains, serial_bayou_ford_a, minmay_diced_spiral, uniq_sigmund
D:4:      kennysheep_six_static_rooms, layout_layer_cave, uniq_robin

Skill      XL: |  1  2  3  4 |
---------------+-------------+-----
Polearms       | 4 5 |  5.7
Fighting       | |  3.2
Dodging        | |  2.6
Stealth        | |  1.7

Action                     |  1- 3 |  4- 6 || total
---------------------------+-------+-------++-------
  Melee: Spear             |   107 |    40 ||   147
         Tailslap          |     8 |     8 ||    16
         Punch             |     1 |       ||     1
  Throw: Dart              |     3 |     4 ||     7
         Javelin           |       |    11 ||    11
    Use: Scroll            |     1 |       ||     1
         Potion            |       |     1 ||     1
   Stab: Sleeping          |     9 |     1 ||    10
         Distracted        |       |     1 ||     1
 Armour: Skin              |    12 |     7 ||    19
  Dodge: Dodged            |    44 |    20 ||    64

Table legend: (Time is in decaauts)
 A = Elapsed time spent in this place.
 B = Non-inter-level travel time spent in this place.
 C = Inter-level travel time spent in this place.
 D = Time resting spent in this place.
 E = Time spent auto-exploring this place.
 F = Levels seen in this place.
 G = Mean time per level.
                   A        B        C        D        E       F      G
               +--------+--------+--------+--------+--------+-----+--------+
         Total |   1739 |   1660 |     79 |      0 |   1253 |   4 |  434.8 |
       Dungeon |   1739 |   1660 |     79 |      0 |   1253 |   4 |  434.8 |
               +--------+--------+--------+--------+--------+-----+--------+

Top non-repeatable levels by time:
     D:1: 876 daAuts
     D:2: 748 daAuts
     D:4: 77 daAuts
     D:3: 36 daAuts
